 Dungeon Crawl Stone Soup version 0.23.2-1-ga50397a (webtiles) character file.

Game seed: 9253077059658536883

596 whitewolfNL the Skirmisher (level 7, 0/94 HPs)
             Began as a Minotaur Berserker on May 24, 2019.
             Was a Priest of Trog.
             Succumbed to a water moccasin's poison
             ... on level 5 of the Dungeon.
             The game lasted 00:09:31 (2927 turns).

whitewolfNL the Skirmisher (Minotaur Berserker)     Turns: 2927, Time: 00:09:32

Health: 0/94       AC: 23    Str: 21 (23) XL:     7   Next: 17%
Magic:  6/6        EV:  2    Int:  8 (9)  God:    Trog [***...]
Gold:   233        SH: 13    Dex: 16 (17) Spells: 6/6 levels left

rFire    . . .     SeeInvis .   q - +0 flail
rCold    . . .     Gourm    .   v - +0 large shield
rNeg     + + +     Faith    .   (armour currently unavailable)
rPois    +         Spirit   .   (helmet unavailable)
rElec    .         Reflect  .   (cloak currently unavailable)
rCorr    .         Harm     .   (gloves currently unavailable)
MR       .....     Rnd*Rage +   (boots currently unavailable) Stlth +++.......NoTele +
                                (no amulet)
HPRegen  0.25/turn              f - ring of stealth
MPRegen  0.10/turn              (no ring)

@: brilliant, agile, lethally poisoned (0 -> -4), tree-form, berserk cooldown,
very slightly contaminated, slowed, invisible, very slow
A: (retaliatory headbutt), berserk 1, strong 1
a: Berserk, Trog's Hand, Renounce Religion


You were on level 5 of the Dungeon.
You worshipped Trog.
Trog was most pleased with you.
You were not hungry.
You were a tree.
You visited 1 branch of the dungeon, and saw 5 of its levels.

You collected 233 gold pieces.

Inventory:

Hand Weapons
 q - a +0 flail (weapon)
Missiles
 a - a throwing net
 d - 17 bolts
 i - 54 arrows
 k - 199 stones (quivered)
 o - 14 poisoned needles
 t - 2 needles of confusion
Armour
 l - a +0 pair of boots (melded)
 r - a +0 chain mail (melded)
 v - a +0 large shield (worn)
Jewellery
 f - a ring of stealth (left branch)
Wands
 E - a wand of acid (9)
Scrolls
 b - 3 scrolls of remove curse {unknown}
 e - 2 scrolls of amnesia {unknown}
 g - 5 scrolls of identify {unknown}
 h - a scroll of fog {unknown}
 m - a scroll of enchant armour {unknown}
 p - a scroll of immolation {unknown}
 y - a scroll of enchant weapon {unknown}
 A - a scroll of random uselessness {unknown}
Potions
 n - a potion of mutation
 s - a potion of brilliance
 w - 2 potions of degeneration
 z - a potion of agility
 B - a potion of cancellation {unknown}
 C - a potion of berserk rage {unknown}
Comestibles
 c - 8 rations
 D - 3 chunks of flesh


   Skills:
 * Level 6.0 Fighting
 * Level 6.0 Maces & Flails
 + Level 2.5 Throwing
 + Level 4.0 Armour
 + Level 3.7 Dodging
 * Level 2.0 Shields


You had 6 spell levels left.
You didn't know any spells.
Your spell library was empty.

Dungeon Overview and Level Annotations

Branches:
Dungeon (5/15)             Temple (0/1) D:5

Altars:
Ashenzari
Cheibriados
Gozag


Innate Abilities, Weirdness & Mutations

((You reflexively headbutt those who attack you in melee.))
((You have a pair of large horns on your head.))
You tend to lose your temper in combat.
Your muscles are strong. (Str +2)


Message History

The horns on your head grow some more.
* * * LOW HITPOINT WARNING * * *
You feel sick.
It was a potion of brilliance.
You feel clever all of a sudden.
* * * LOW HITPOINT WARNING * * *
You feel sick.
It was a potion of lignification.
You turn into a tree.
Your +0 pair of boots melds into your body.
Your +0 chain mail melds into your body.
Your roots penetrate the ground.
* * * LOW HITPOINT WARNING * * *
You feel sick.
It was a potion of invisibility.
You fade into invisibility!
* * * LOW HITPOINT WARNING * * *
You feel sick.
You are very lightly contaminated with residual magic.
It was a potion of magic.
Magic courses through your body.
You die...

##.###.....#############
........................
........................
........................
........................
........................
........................
.......♣................
.........†..............
....../.................
........................
..............##.##.....
..............#...#.....
..............#.8.#.....
..............#...#.....
............###.###....


There were no monsters in sight!

Vanquished Creatures
  Sigmund (D:2)
  A water moccasin (D:5)
  An ogre (D:4)
  A howler monkey (D:5)
  An orc wizard (D:3)
  Terence (D:3)
  5 adders
  A worm (D:2)
  3 dart slugs
  6 leopard geckos
  5 orcs (D:3)
  6 bats
  6 giant cockroaches
  10 goblins
  5 hobgoblins
  9 jackals
  2 quokkas
  4 ball pythons
  3 frilled lizards
  9 kobolds
  15 rats
95 creatures vanquished.

Notes
Turn   | Place    | Note
-------+----------+-------------------------------------------
     0 | D:1      | whitewolfNL the Minotaur Berserker began the quest for the
                  | Orb.
     0 | D:1      | Reached XP level 1. HP: 19/19 MP: 0/0
   132 | D:1      | Reached XP level 2. HP: 21/27 MP: 1/1
   373 | D:1      | Reached ** piety under Trog
   373 | D:1      | Reached XP level 3. HP: 33/33 MP: 2/2
   634 | D:2      | Reached skill level 1 in Throwing
   696 | D:2      | Noticed Sigmund
   699 | D:2      | Reached XP level 4. HP: 41/41 MP: 3/3
   705 | D:2      | Killed Sigmund
   705 | D:2      | Reached skill level 5 in Fighting
   705 | D:2      | Reached skill level 5 in Maces & Flails
   705 | D:2      | Reached XP level 5. HP: 41/48 MP: 4/4
  1212 | D:3      | Found an opulent altar of Gozag.
  1214 | D:3      | Noticed Terence
  1219 | D:3      | Killed Terence
  1219 | D:3      | Reached XP level 6. HP: 56/56 MP: 5/5
  1223 | D:3      | Reached *** piety under Trog
  1525 | D:3      | Received a gift from Trog
  1844 | D:4      | Reached skill level 1 in Shields
  1869 | D:4      | Found a snail-covered altar of Cheibriados.
  1869 | D:4      | Found a shattered altar of Ashenzari.
  2574 | D:5      | Entered Level 5 of the Dungeon
  2897 | D:5      | Found a staircase to the Ecumenical Temple.
  2901 | D:5      | Noticed a water moccasin
  2915 | D:5      | Killed a water moccasin
  2915 | D:5      | Reached XP level 7. HP: 16/63 MP: 6/6
  2923 | D:5      | Gained mutation: Your muscles are strong. (Str +2) [potion
                  | of mutation]
  2923 | D:5      | Gained mutation: You tend to lose your temper in combat.
                  | [potion of mutation]
  2923 | D:5      | Gained mutation: You have a pair of large horns on your
                  | head. [potion of mutation]
  2924 | D:5      | HP: 2/63 [poisoned by a water moccasin]
  2927 | D:5      | Succumbed to a water moccasin's poison

Skill      XL: |  1  2  3  4  5  6 |
---------------+-------------------+-----
Maces & Flails | 4 5 6 |  6.0
Fighting       | 4 5 6 |  6.0
Throwing       | 1 2 |  2.5
Armour         | 3 4 |  4.0
Dodging        | 3 |  3.7
Shields        | 2 |  2.0

Action                   |  1- 3 |  4- 6 |  7- 9 || total
-------------------------+-------+-------+-------++-------
Melee: Mace              |    64 |    32 |       ||    96
       Headbutt          |    10 |    17 |       ||    27
       Flail             |       |    87 |       ||    87
Invok: Berserk           |     3 |     5 |       ||     8
  Use: Potion            |       |       |     7 ||     7
  Eat: Chunk             |     1 |    12 |     1 ||    14
Armor: Animal skin       |     4 |       |       ||     4
       Ring mail         |    25 |    14 |       ||    39
       Chain mail        |       |    35 |       ||    35
Dodge: Dodged            |    40 |    57 |       ||    97
Block: Large shield      |       |    42 |       ||    42
